 Dungeon Crawl Stone Soup version 0.21-a0-442-g848f44b (webtiles) character file.

18 theanonym the Grave Robber (level 2, 10/22 HPs)
             Began as a Deep Dwarf Necromancer on Nov 12, 2017.
             Quit the game on level 2 of the Dungeon.
             The game lasted 00:01:34 (768 turns).

theanonym the Grave Robber (Deep Dwarf Necromancer)  Turns: 768, Time: 00:01:35

Health: 10/22      AC:  2    Str: 11    XL:     2   Next: 48%
Magic:  1/5        EV: 12    Int: 15    God:
Gold:   33         SH:  0    Dex: 13    Spells: 4/5 levels left

rFire    . . .     SeeInvis .   i - +0 dagger
rCold    . . .     Gourm    .   (no shield)
rNeg     . . .     Faith    .   a - +0 robe
rPois    .         Spirit   .   (no helmet)
rElec    .         Reflect  .   (no cloak)
rCorr    .         Harm     .   (no gloves)
MR       .....                  (no boots)
Stlth    ++........             (no amulet)
HPRegen  0.00/turn              (no ring)
MPRegen  0.09/turn              (no ring)

@: very slightly contaminated, non-regenerating
A: damage resistance, heal wounds, sense surroundings 1, no regeneration
a: Heal Wounds


Innate Abilities, Weirdness & Mutations

You are resistant to damage.
You can heal yourself by infusing magical energy.
You passively map a small area around you.
You do not regenerate.


   Skills:
 - Level 2.1 Dodging
 - Level 2.4 Stealth
 + Level 2.2 Spellcasting
 + Level 4.8 Necromancy


You had 4 spell levels left.
You knew the following spells:

 Your Spells              Type           Power        Failure   Level  Hunger
a - Pain                  Necr           ###.         3%          1    #......

Skill      XL: |  1 |
---------------+----+-----
Spellcasting   | 2 |  2.2
Dodging        | |  2.1
Stealth        | |  2.4
Necromancy     | |  4.8

Action                   || total
-------------------------++-------
Melee: Dagger            ||    12
 Cast: Pain              ||    31
Armor: Robe              ||     9
Dodge: Dodged            ||    30

Inventory:

Hand Weapons
 i - a +0 dagger (weapon)
   (You took it off a kobold on level 1 of the Dungeon)
Armour
 a - a +0 robe (worn)
 e - a +0 buckler
   (You found it on level 1 of the Dungeon)
Scrolls
 g - a scroll of identify {unknown}
 h - a scroll of remove curse {unknown}
Potions
 d - a potion of brilliance {unknown}
 f - a potion of curing {unknown}
Books
 b - a book of Necromancy

   Spells                             Type                      Level
   a - Pain                           Necromancy                   1
   b - Animate Skeleton               Necromancy                   1
   c - Vampiric Draining              Necromancy                   3
   d - Regeneration                   Charms/Necromancy            3
   e - Animate Dead                   Necromancy                   4
   f - Control Undead                 Necromancy                   4
Comestibles
 c - a bread ration

Dungeon Overview and Level Annotations

Branches:
Dungeon (1/15)

Altars:


You were on level 2 of the Dungeon.
You were not hungry.

You visited 1 branch of the dungeon, and saw 2 of its levels.

You collected 33 gold pieces.


Message History

You kill the hobgoblin!
* * * LOW MAGIC WARNING * * *
You now have 0/5 mp.
You start resting.
A frilled lizard comes into view.
A frilled lizard is nearby!
You start resting.
A frilled lizard is nearby!
The frilled lizard bites you.
Aim: a frilled lizard (chance to defeat MR: 87%)
The frilled lizard writhes in agony!
* * * LOW MAGIC WARNING * * *
The frilled lizard bites you but does no damage.
You completely miss the frilled lizard. The frilled lizard bites you.
You take 1 damage, and have 18/22 hp.
Aim: a frilled lizard (heavily wounded, chance to defeat MR: 87%)
The frilled lizard writhes in agony!
You kill the frilled lizard!
* * * LOW MAGIC WARNING * * *
You now have 0/5 mp.
You start resting.
Your magical contamination has completely faded away.
You now have 24 gold pieces (gained 5).
h - a scroll labeled OLUZAC TUSI You regained 2 mp, and now have 3/5 mp.
You start resting.
MP restored: 5 You now have 33 gold pieces (gained 9).
You fall through a shaft!
The shaft crumbles and collapses.
A bat and a goblin come into view.
Found four items.
Aim: a goblin, wielding a club (resting, chance to defeat MR: 87%)
The goblin shouts!
The goblin barely resists.
You hear a shout! x2
The goblin closely misses you.
A rat, a quokka and a kobold come into view.
You now have 4/5 mp.
Aim: a goblin, wielding a club (chance to defeat MR: 87%)
The goblin barely resists.
The bat hits you but does no damage. The bat misses you.
A worm comes into view.
You now have 3/5 mp.
Aim: a goblin, wielding a club (chance to defeat MR: 87%)
The goblin barely resists.
The bat hits you but does no damage. The goblin misses you.
The quokka bites you but does no damage.
A kobold comes into view.
You now have 2/5 mp.
Aim: a goblin, wielding a club (chance to defeat MR: 87%)
You miscast Pain.
You are very lightly contaminated with residual magic.
You sense a malignant aura.
* * * LOW MAGIC WARNING * * *
The goblin barely misses you. The quokka barely misses you.
You now have 1/5 mp.
Aim: a goblin, wielding a club (chance to defeat MR: 87%)
The goblin writhes in agony!
* * * LOW MAGIC WARNING * * *
The bat barely misses you. The quokka bites you. The goblin closely misses you.
The rat closely misses you.
You take 1 damage, and have 17/22 hp.
You now have 0/5 mp.
You don't have enough magic to cast that spell.
No previous command to re-do.
No previous command to re-do.
No previous command to re-do.
No previous command to re-do.
No previous command to re-do.
The bat closely misses you. The goblin barely misses you. The quokka bites you.
The bat closely misses you.
The goblin unwields an uncursed club.
The goblin wields a hunting sling.
The goblin shoots a sling bullet.
The sling bullet hits you but does no damage.
Found a ring mail.
You see here a sling bullet.
The bat closely misses you. The bat hits you but does no damage.
The rat completely misses you. The quokka barely misses you.
The worm barely misses you. The bat hits you. The quokka closely misses you.
The goblin unwields an uncursed hunting sling.
The goblin wields an uncursed club.
The goblin closely misses you.
You hit the goblin but do no damage. The bat hits you but does no damage.
The quokka misses you. The bat barely misses you.
The rat completely misses you. The quokka barely misses you.
The bat hits you but does no damage.
The goblin unwields an uncursed club.
The goblin wields an uncursed hunting sling.
The goblin shoots a sling bullet.
The sling bullet hits you.
You see here a sling bullet.
The bat hits you but does no damage.
You see here a pair of gloves.
Okay, then.
The bat hits you but does no damage. The rat barely misses you.
The kobold hits you.
* * * LOW HITPOINT WARNING * * *
Okay, then.
The bat hits you.
You see here a hand axe.
There are monsters nearby!
You take 7 damage, and have 10/22 hp.
MASSIVE DAMAGE!!
Unknown command.

, ...... ,, ,
#######..#####?#
,
#...............
,
#..........#$#.
, ######...(.#,
* .......w.# , ,
* ####.K.gr# * *
#..Kr[# #...@.#,
* #.b...#,
#.......* *
#####[..# #...#
, #.#.# #.#..,
.#... + * ,,


You could see a worm, a quokka, a goblin, a bat, 2 kobolds and a rat.

Notes
Turn   | Place    | Note
-------+----------+-------------------------------------------
     0 | D:1      | theanonym the Deep Dwarf Necromancer began the quest for the Orb.
     0 | D:1      | Reached XP level 1. HP: 15/15 MP: 3/3
   240 | D:1      | Reached skill level 2 in Spellcasting
   377 | D:1      | Reached XP level 2. HP: 20/22 MP: 1/5
   752 | D:1      | You fall through a shaft!
   766 | D:2      | HP: 10/22 [kobold (2)]
   768 | D:2      | Quit the game

Vanquished Creatures
  An ooze (D:1)
  A dart slug (D:1)
  A bat (D:1)
  2 goblins (D:1)
  2 hobgoblins (D:1)
  A kobold (D:1)
  2 frilled lizards (D:1)
  A rat (D:1)
11 creatures vanquished.
